 Dungeon Crawl Stone Soup version 0.20.1-1-g8b1a95d (console) character file.

108 hilaritas the Chiller (level 4, -8/24 HPs)
             Began as a Deep Elf Ice Elementalist on Sept 19, 2017.
             Mangled by a worm (11 damage)
             ... on level 3 of the Dungeon.
             The game lasted 00:04:38 (1869 turns).

hilaritas the Chiller (Deep Elf Ice Elementalist)   Turns: 1869, Time: 00:04:38

Health: -8/24      AC:  2    Str:  6    XL:     4   Next: 58%
Magic:  1/12       EV: 13    Int: 20    God:
Gold:   154        SH:  0    Dex: 15    Spells: 5/11 levels left

rFire    . . .     SeeInvis .   p - +0 dagger (elec)
rCold    . . .     Gourm    .   (no shield)
rNeg     . . .     Faith    .   a - +0 robe
rPois    .         Spirit   .   (no helmet)
rElec    .         Reflect  .   (no cloak)
rCorr    .         Harm     .   (no gloves)
MR       .....                  (no boots)
Stlth    +.........             (no amulet)
Regen    0.1/turn               (no ring)
MPRegen  0.2/turn               (no ring)

@: very slow
A: no striking features
a: no special abilities


You were on level 3 of the Dungeon.
You were not hungry.

You visited 1 branch of the dungeon, and saw 3 of its levels.

You collected 154 gold pieces.

Inventory:

Hand Weapons
 d - a +0 spear
 p - a +0 dagger of electrocution (weapon)
Missiles
 f - 90 stones (quivered)
 o - 7 arrows
Armour
 a - a +0 robe (worn)
 r - +0 fire dragon scales
Scrolls
 h - 2 scrolls of remove curse {unknown}
 i - a scroll of enchant weapon {unknown}
 k - a scroll of teleportation {unknown}
 q - 2 scrolls of noise {unknown}
 s - a scroll of blinking {unknown}
 u - a scroll of identify {unknown}
Potions
 e - a potion of curing
 j - a potion of heal wounds {unknown}
 l - a potion of agility {unknown}
 m - a potion of flight {unknown}
 n - a potion of haste {unknown}
Books
 b - a book of Frost

   Spells                             Type                      Level
   a - Freeze                         Ice                          1
   b - Throw Frost                    Conjuration/Ice              2
   c - Ozocubu's Armour               Charms/Ice                   3
   d - Throw Icicle                   Conjuration/Ice              4
   e - Summon Ice Beast               Ice/Summoning                4
Comestibles
 c - 3 bread rations
 g - a royal jelly
 t - a chunk of flesh


   Skills:
 - Level 2.4 Dodging
 - Level 2.4 Stealth
 * Level 4.3 Spellcasting
 - Level 2.0 Conjurations
 - Level 5.0 Ice Magic


You had 5 spell levels left.
You knew the following spells:

 Your Spells              Type           Power        Failure   Level  Hunger
a - Freeze                Ice            ###.         1%          1    None
b - Throw Frost           Conj/Ice       ###...       4%          2    #......
c - Ozocubu's Armour      Chrm/Ice       ##......     13%         3    ###....


Dungeon Overview and Level Annotations

Branches:
Dungeon (3/15)

Altars:


Message History

The worm splashes around in the water.
Your unstable footing causes you to fumble your attack.
The worm barely misses you.
Casting: Freeze
Confirm with . or Enter, or press ? or * to list all spells.
Aiming: Freeze
Press: ? - help, Shift-Dir - straight line, f/p - worm
Aim: a worm (severely wounded)
You freeze the worm.
The worm is almost dead.
You hit the worm.
The worm is almost dead.
The worm bites you!
* * * LOW HITPOINT WARNING * * *
Your unstable footing causes you to fumble your attack.
It was a potion of curing.
You feel better. The worm bites you.
* * * LOW HITPOINT WARNING * * *
Your unstable footing causes you to fumble your attack.
The worm bites you!
You die...

### #≈# w# ≈≈# ≈#
#≈##≈ #... #≈#≈≈ #
#... #w#≈##≈# .....
#@#≈≈≈ .....
#≈#≈#### ......
#≈≈≈≈≈≈#.....#
#...########†#.....#
#...≈≈≈≈≈≈≈≈≈#.....#
..#≈†#≈#≈####.....#
#.#.≈.≈≈≈≈≈.(.....#
#...$...≈.......#
..................#
........####..†....#
.....#.## #.......#


You could see a worm.

Vanquished Creatures
  2 river rats (D:3)
  4 adders
  3 worms (D:3)
  A leopard gecko (D:2)
  2 orcs (D:3)
  8 bats
  A giant cockroach (D:2)
  5 goblins
  4 hobgoblins
  7 kobolds
  A quokka (D:3)
  3 frilled lizards
  7 rats
48 creatures vanquished.

Notes
Turn   | Place    | Note
-------+----------+-------------------------------------------
     0 | D:1      | hilaritas the Deep Elf Ice Elementalist began the quest for the Orb.
     0 | D:1      | Reached XP level 1. HP: 10/10 MP: 6/6
   413 | D:1      | Reached XP level 2. HP: 15/15 MP: 6/8
   448 | D:1      | Reached skill level 4 in Ice Magic
  1062 | D:2      | Reached XP level 3. HP: 19/19 MP: 3/9
  1113 | D:2      | Learned a level 2 spell: Throw Frost
  1117 | D:2      | Learned a level 3 spell: Ozocubu's Armour
  1321 | D:2      | Reached skill level 5 in Ice Magic
  1775 | D:3      | Reached XP level 4. HP: 24/24 MP: 6/10
  1869 | D:3      | Mangled by a worm

Skill      XL: |  1  2  3  4 |
---------------+-------------+-----
Ice Magic      | 4 5 |  5.0
Conjurations   | 2 |  2.0
Spellcasting   | 4 |  4.3
Dodging        | |  2.4
Stealth        | |  2.4

Action                   |  1- 3 |  4- 6 || total
-------------------------+-------+-------++-------
Melee: Spear             |     1 |       ||     1
       Dagger            |       |    26 ||    26
 Cast: Freeze            |    52 |    17 ||    69
       Ozocubu's Armour  |       |     1 ||     1
  Use: Potion            |       |     1 ||     1
  Eat: Chunk             |     2 |     1 ||     3
Armor: Robe              |     9 |     3 ||    12
Dodge: Dodged            |    31 |    12 ||    43
